 Dungeon Crawl Stone Soup version 0.27-a0-887-gcab673c142 (webtiles) character file.

Game seed: 16168238187196453481

32 jestyr24 the Skirmisher (level 3, 33/33 HPs)
             Began as a Minotaur Fighter on Apr 3, 2021.
             Was a Follower of Kikubaaqudgha.
             Quit the game on level 1 of the Dungeon.
             The game lasted 00:05:05 (638 turns).

jestyr24 the Skirmisher (Minotaur Fighter)           Turns: 638, Time: 00:05:05

Health: 33/33      AC:  7    Str: 21    XL:     3   Next: 8%
Magic:  2/2        EV:  7    Int:  5    God:    Kikubaaqudgha [*.....]
Gold:   0          SH:  9    Dex:  9    Spells: 2/2 levels left

rFire    . . .     SeeInvis .   a - +0 flail
rCold    . . .     Faith    .   c - +0 kite shield
rNeg     . . .     Spirit   .   b - +0 scale mail
rPois    .         Reflect  .   (helmet restricted)
rElec    .         Harm     .   (no cloak)
rCorr    .         Rampage  .   (no gloves)
Will     .....                  (no boots)
Stlth    ..........             (no amulet)
HPRegen  0.11/turn              (no ring)
MPRegen  0.08/turn              (no ring)

@: no status effects
A: horns 2, retaliatory headbutt
a: Renounce Religion, Receive Corpses


You were on level 1 of the Dungeon.
You worshipped Kikubaaqudgha.
Kikubaaqudgha was aware of your devotion.
You visited 1 branch of the dungeon, and saw 1 of its levels.

Inventory:

Hand Weapons
 a - a +0 flail (weapon)
 g - a +0 club
Missiles
 e - 25 poisoned darts (quivered)
Armour
 b - a +0 scale mail (worn)
 c - a +0 kite shield (worn)
Scrolls
 f - a scroll of fog {unknown}
Potions
 d - a potion of might


   Skills:
 + Level 4.1 Fighting
 + Level 3.1 Maces & Flails
 + Level 3.9 Armour
 + Level 0.2 Dodging
 + Level 4.0 Shields


You had 2 spell levels left.
You didn't know any spells.
Your spell library was empty.

Dungeon Overview and Level Annotations

Branches:
Dungeon (1/15)

Altars:
Kikubaaqudgha

Shops:
D:1 (!


Innate Abilities, Weirdness & Mutations

You have a pair of horns on your head.
You reflexively headbutt those who attack you in melee.


Message History

You barely miss the quokka. Your headbutt misses the quokka.
You block the quokka's attack.
The quokka bites you but does no damage.
You hit the quokka.
You kill the quokka!
Items here: ) †††.
g - a +0 club
Things that are here:
a +0 dagger; 4 stones
Okay, then.
You start resting.
HP restored.
Things that are here:
a quokka corpse; a jackal corpse; a jackal corpse You see here a jackal corpse.
Found a faded altar of an unknown god.
There is a faded altar of an unknown god here.
You are not religious.
Unknown command.
Press < or > to pray at altars.
Unknown command.
Press < or > to pray at altars.
You are not religious.
You cannot tell which god this altar belongs to.
Convert to them anyway?
Okay, then.
You are not religious.
Unknown command.
Press < or > to pray at altars.
You cannot tell which god this altar belongs to.
Convert to them anyway?
Uppercase [Y]es or [N]o only, please.
You cannot tell which god this altar belongs to.
Convert to them anyway?
Kikubaaqudgha accepts your prayer! Kikubaaqudgha welcomes you!
You can now receive cadavers from Kikubaaqudgha.
You see here Kikubaaqudgha's Catalogue of Unholy Magic.
Kikubaaqudgha grants you a gift!
You don't know any spells.
Unknown command.
Press < or > to pray at altars.
Are you sure you want to abandon this character and quit the game? (Confirm with "yes".)

.....# ##.# #... #.##.# #.# #.#.
#.##.# #.## #.#. ##.##.# #..#
#.#. #...#.# ##.## #.#. #...#.#
#..# #.#.
######.....######.###.#.
......................#.
....#.@...######.#####. . #...#.#
#..##... #.....# ##.##.#.
###################### #.##.#.
O#V#H#c#h#o#d#i#B#H#m# #..#.#.
######################### ##.#.#.
...[.................'..# #.#.#.
#######################.####...#.
K#g#M#e#6#F#x#p#f#N#9#.........#.


There were no monsters in sight!

Vanquished Creatures
  2 bats (D:1)
  3 endoplasms (D:1)
  A giant cockroach (D:1)
  3 goblins (D:1)
  4 hobgoblins (D:1)
  4 jackals (D:1)
  3 quokkas (D:1)
  2 frilled lizards (D:1)
  3 kobolds (D:1)
  A rat (D:1)
26 creatures vanquished.

Notes
Turn   | Place    | Note
-------+----------+-------------------------------------------
     0 | D:1      | jestyr24 the Minotaur Fighter began the quest for the Orb.
     0 | D:1      | Reached XP level 1. HP: 19/19 MP: 0/0
     2 | D:1      | Noticed a demigod
     2 | D:1      | Noticed a tengu
     4 | D:1      | Noticed a ghoul
     4 | D:1      | Noticed a troll
     6 | D:1      | Noticed an ogre
     8 | D:1      | Noticed a vampire
     8 | D:1      | Noticed a dwarf
    10 | D:1      | Noticed a minotaur
    12 | D:1      | Noticed a centaur
    12 | D:1      | Noticed an elf
    14 | D:1      | Noticed a felid
    14 | D:1      | Noticed a demonspawn
    16 | D:1      | Noticed a barachi
    18 | D:1      | Noticed a draconian
    18 | D:1      | Noticed an octopode
    20 | D:1      | Noticed a spriggan
    20 | D:1      | Noticed a human
    22 | D:1      | Noticed a formicid
    22 | D:1      | Noticed a vine stalker
    24 | D:1      | Noticed a palentonga
    24 | D:1      | Noticed a naga
    26 | D:1      | Noticed a merfolk
    26 | D:1      | Noticed a gargoyle
   120 | D:1      | Reached XP level 2. HP: 19/27 MP: 1/1
   292 | D:1      | Found Hock's Distillery.
   413 | D:1      | Found Vaxae's Antique Weapon Shoppe.
   543 | D:1      | Reached XP level 3. HP: 25/33 MP: 2/2
   629 | D:1      | Found a faded altar of an unknown god.
   637 | D:1      | Became a worshipper of Kikubaaqudgha
   637 | D:1      | Reached * piety under Kikubaaqudgha
   637 | D:1      | Identified Kikubaaqudgha's Catalogue of Unholy Magic
                  | (Kikubaaqudgha gifted it to you on level 1 of the Dungeon)
   637 | D:1      | Received a gift from Kikubaaqudgha
   638 | D:1      | Quit the game

Illustrated notes

Levels and vault maps discovered:
D:1:      kb_arrival_jail, layout_basic, basic_ecumenical_altar, serial_shops,
          shop, shop, shop, shop

Skill      XL: |  1  2 |
---------------+-------+-----
Shields        | 4 |  4.0
Fighting       | 4 |  4.1
Maces & Flails | 3 |  3.1
Armour         | |  3.9
Dodging        | |  0.2

Action                   || total
-------------------------++-------
Melee: Flail             ||    62
       Headbutt          ||    11
Armor: Scale mail        ||    39
Dodge: Dodged            ||    17
Block: Kite shield       ||    37

Table legend: (Time is in decaauts)
 A = Elapsed time spent in this place.
 B = Non-inter-level travel time spent in this place.
 C = Inter-level travel time spent in this place.
 D = Time resting spent in this place.
 E = Time spent auto-exploring this place.
 F = Levels seen in this place.
 G = Mean time per level.
                   A        B        C        D        E       F      G
               +--------+--------+--------+--------+--------+-----+--------+
         Total |    668 |    668 |      0 |    185 |    256 |   1 |  668.0 |
       Dungeon |    668 |    668 |      0 |    185 |    256 |   1 |  668.0 |
               +--------+--------+--------+--------+--------+-----+--------+

Top non-repeatable levels by time:
     D:1: 668 daAuts
